SL
ATHLETIC CLUB KC @ NEW AMSTERDAM REPUBLICS
05/07/2019
 
TOP OF THE 1ST
Athletic Club KC Athletics batting - Pitching for New Amsterdam Republics : RHP Nathaniel Riley
Pitching: RHP Nathaniel Riley
Batting: SHB David Henderson 0-0: Reached on Error, E8 (Flyball, 8RM)
Batting: RHB Jorge Trevino 0-0: Ball
David Henderson steals 2nd base
1-0: Fly out, F9 (Flyball, 9LD)
Runner from 2nd tags up, SAFE at 3rd, no throw
Batting: LHB Emílio Sáenz 0-0: Ball
1-0: Foul Ball, location: 2F
1-1: Ball
2-1: Foul Ball, location: 2F
2-2: Ball
3-2: Base on Balls
Batting: LHB Chris Rice 0-0: Ball
1-0: Called Strike
1-1: Ground out U3 (Groundball, 3S)
David Henderson scores
Emílio Sáenz to second
Batting: RHB Ramón Souza 0-0: Ball
1-0: Ball
2-0: DOUBLE (Flyball, 8RD)
Emílio Sáenz scores
Batting: RHB Cory Staton 0-0: Called Strike
0-1: Foul Ball, location: 2F
0-2: Fly out, F9 (Flyball, 89S)
Top of the 1st over - 2 run(s), 1 hit(s), 1 error(s), 1 left on base; Athletic Club KC 2 - New Amsterdam 0
BOTTOM OF THE 1ST
New Amsterdam Republics batting - Pitching for Athletic Club KC Athletics : RHP Torvald Geertsen
Pitching: RHP Torvald Geertsen
Batting: RHB Doug Reed 0-0: Called Strike
0-1: Fly out, F5 (Popup, 5SF)
Batting: LHB Emílio Barbán 0-0: Ball
1-0: Ground out 6-3 (Groundball, 6M)
Batting: LHB Steve Ingram 0-0: Ball
1-0: Foul Ball, location: 2F
1-1: Ball
2-1: Called Strike
2-2: Ground out U3 (Groundball, 3)
Bottom of the 1st over - 0 run(s), 0 hit(s), 0 error(s), 0 left on base; Athletic Club KC 2 - New Amsterdam 0
TOP OF THE 2ND
Athletic Club KC Athletics batting - Pitching for New Amsterdam Republics : RHP Nathaniel Riley
Batting: RHB Harry Fuller 0-0: Ground out 5-3 (Groundball, 15S)
Batting: RHB Juan Benítez 0-0: Swinging Strike
0-1: Ball
1-1: Called Strike
1-2: Strikes out looking
Batting: RHB Torvald Geertsen 0-0: Ball
1-0: Foul Ball, location: 2F
1-1: Foul Ball, location: 2F
1-2: Ball
2-2: Foul Ball, location: 2F
2-2: Strikes out swinging
Top of the 2nd over - 0 run(s), 0 hit(s), 0 error(s), 0 left on base; Athletic Club KC 2 - New Amsterdam 0
BOTTOM OF THE 2ND
New Amsterdam Republics batting - Pitching for Athletic Club KC Athletics : RHP Torvald Geertsen
Batting: RHB Carlos Ortega 0-0: Called Strike
0-1: Ball
1-1: Foul Ball, location: 2F
1-2: Foul Ball, location: 2F
1-2: Ball
2-2: Strikes out looking
Batting: LHB Ken Norman 0-0: Ball
1-0: Ball
2-0: Called Strike
2-1: Foul Ball, location: 2F
2-2: Ball
3-2: Strikes out swinging
Batting: RHB Porter Martínez 0-0: Called Strike
0-1: Ball
1-1: Ball
2-1: Swinging Strike
2-2: Strikes out swinging
Bottom of the 2nd over - 0 run(s), 0 hit(s), 0 error(s), 0 left on base; Athletic Club KC 2 - New Amsterdam 0
TOP OF THE 3RD
Athletic Club KC Athletics batting - Pitching for New Amsterdam Republics : RHP Nathaniel Riley
Batting: SHB David Henderson 0-0: Ball
1-0: Ball
2-0: Ball
3-0: Called Strike
3-1: Foul Ball, location: 2F
3-2: Foul Ball, location: 2F
3-2: Foul Ball, location: 2F
3-2: Ground out 4-3 (Groundball, 34)
Batting: RHB Jorge Trevino 0-0: Ball
1-0: Fly out, F7 (Flyball, 7D)
Batting: LHB Emílio Sáenz 0-0: Ball
1-0: Ball
2-0: SINGLE (Groundball, 34D)
Batting: LHB Chris Rice 0-0: Called Strike
0-1: 2-RUN HOME RUN (Flyball, 89XD), Distance : 412 ft
Batting: RHB Ramón Souza 0-0: Ball
1-0: Ball
2-0: Ground out 5-3 (Groundball, 56S)
Top of the 3rd over - 2 run(s), 2 hit(s), 0 error(s), 0 left on base; Athletic Club KC 4 - New Amsterdam 0
BOTTOM OF THE 3RD
New Amsterdam Republics batting - Pitching for Athletic Club KC Athletics : RHP Torvald Geertsen
Batting: RHB Noel Livingston 0-0: Ground out 5-3 (Groundball, 56)
Batting: RHB Ronald Shelton 0-0: Ball
1-0: Ball
2-0: Ball
3-0: Base on Balls
Batting: RHB Nathaniel Riley 0-0: Ball
Ronald Shelton is caught stealing 2nd base
1-0: Called Strike
1-1: Swinging Strike
1-2: Strikes out swinging
Bottom of the 3rd over - 0 run(s), 0 hit(s), 0 error(s), 0 left on base; Athletic Club KC 4 - New Amsterdam 0
TOP OF THE 4TH
Athletic Club KC Athletics batting - Pitching for New Amsterdam Republics : RHP Nathaniel Riley
Batting: RHB Cory Staton 0-0: Called Strike
0-1: Called Strike
0-2: Ball
1-2: Ball
2-2: Strikes out swinging
Batting: RHB Harry Fuller 0-0: Ball
1-0: Called Strike
1-1: Foul Ball, location: 2F
1-2: Ball
2-2: Strikes out swinging
Batting: RHB Juan Benítez 0-0: Ball
1-0: Called Strike
1-1: Ball
2-1: Fly out, F3 (Popup, 3F)
Top of the 4th over - 0 run(s), 0 hit(s), 0 error(s), 0 left on base; Athletic Club KC 4 - New Amsterdam 0
BOTTOM OF THE 4TH
New Amsterdam Republics batting - Pitching for Athletic Club KC Athletics : RHP Torvald Geertsen
Batting: RHB Doug Reed 0-0: Swinging Strike
0-1: Reached on error, E1 (Groundball, 13S)
Batting: LHB Emílio Barbán 0-0: Ball
Doug Reed steals 2nd base
1-0: SINGLE (Flyball, 6MD)
Doug Reed to third
Runner from 3rd tries for Home, SAFE, no throw or cutoff
Batting: LHB Steve Ingram 0-0: Called Strike
0-1: Called Strike
0-2: Ball
1-2: DOUBLE (Line Drive, 7LM)
Emílio Barbán to third
Batting: RHB Carlos Ortega 0-0: 3-RUN HOME RUN (Flyball, 89XD), Distance : 437 ft
Batting: LHB Ken Norman 0-0: Ball
1-0: Foul Ball, location: 2F
1-1: Ball
2-1: Ground out 6-3 (Groundball, 6)
Batting: RHB Porter Martínez 0-0: Called Strike
0-1: Ball
1-1: Fly out, F7 (Line Drive, 7M)
Batting: RHB Noel Livingston 0-0: Ball
1-0: Ball
2-0: Ball
3-0: Called Strike
3-1: Swinging Strike
3-2: Ground out 5-3 (Groundball, 6S)
Bottom of the 4th over - 4 run(s), 3 hit(s), 1 error(s), 0 left on base; Athletic Club KC 4 - New Amsterdam 4
TOP OF THE 5TH
Athletic Club KC Athletics batting - Pitching for New Amsterdam Republics : RHP Nathaniel Riley
Batting: RHB Torvald Geertsen 0-0: Called Strike
0-1: Ball
1-1: Ball
2-1: Foul Ball, location: 2F
2-2: Ball
3-2: Fly out, F2 (Popup, 23F)
Batting: SHB David Henderson 0-0: Ball
1-0: Called Strike
1-1: Ball
2-1: Ball
3-1: Called Strike
3-2: SOLO HOME RUN (Flyball, 9D), Distance : 378 ft
Pitching: LHP Stanley Harris
Batting: RHB Jorge Trevino 0-0: Foul Ball, location: 2F
0-1: Foul Ball, location: 2F
0-2: SINGLE (Line Drive, 56D)
Batting: LHB Emílio Sáenz 0-0: Ball
1-0: Foul Ball, location: 2F
1-1: Called Strike
1-2: Strikes out looking
Batting: LHB Chris Rice 0-0: Ball
1-0: Called Strike
1-1: Ball
2-1: 2-RUN HOME RUN (Line Drive, 9D), Distance : 393 ft
Batting: RHB Ramón Souza 0-0: SINGLE (Line Drive, 6MD)
Batting: RHB Cory Staton 0-0: Called Strike
0-1: Foul Ball, location: 2F
0-2: Ball
1-2: Foul Ball, location: 2F
1-2: Fly out, F8 (Flyball, 8LM)
Top of the 5th over - 3 run(s), 4 hit(s), 0 error(s), 1 left on base; Athletic Club KC 7 - New Amsterdam 4
BOTTOM OF THE 5TH
New Amsterdam Republics batting - Pitching for Athletic Club KC Athletics : RHP Torvald Geertsen
Batting: RHB Ronald Shelton 0-0: Ground out 5-3 (Groundball, 56)
Pinch Hitting: RHB Tim Robinson 0-0: Called Strike
0-1: Ball
1-1: Foul Ball, location: 2F
1-2: Ball
2-2: Strikes out swinging
Batting: RHB Doug Reed 0-0: Ball
1-0: Ball
2-0: Swinging Strike
2-1: Fly out, F7 (Line Drive, 7S)
Bottom of the 5th over - 0 run(s), 0 hit(s), 0 error(s), 0 left on base; Athletic Club KC 7 - New Amsterdam 4
TOP OF THE 6TH
Athletic Club KC Athletics batting - Pitching for New Amsterdam Republics : LHP Stanley Harris
Pitching: RHP Joe Ellis
Batting: RHB Harry Fuller 0-0: Called Strike
0-1: Ball
1-1: Bunt for hit - play at first, batter OUT! 1-3
Batting: RHB Juan Benítez 0-0: Ball
1-0: Ball
2-0: Called Strike
2-1: Foul Ball, location: 2F
2-2: Foul Ball, location: 2F
2-2: Foul Ball, location: 2F
2-2: Ground out 6-3 (Groundball, 6M)
Batting: RHB Torvald Geertsen 0-0: Swinging Strike
0-1: Called Strike
0-2: Strikes out swinging
Top of the 6th over - 0 run(s), 0 hit(s), 0 error(s), 0 left on base; Athletic Club KC 7 - New Amsterdam 4
BOTTOM OF THE 6TH
New Amsterdam Republics batting - Pitching for Athletic Club KC Athletics : RHP Torvald Geertsen
Batting: LHB Emílio Barbán 0-0: Ball
1-0: Fly out, F9 (Flyball, 9S)
Batting: LHB Steve Ingram 0-0: Foul Ball, location: 2F
0-1: Ground out 4-3 (Groundball, 4)
Batting: RHB Carlos Ortega 0-0: Called Strike
0-1: Ball
1-1: Called Strike
1-2: Ground out 6-3 (Groundball, 6M)
Bottom of the 6th over - 0 run(s), 0 hit(s), 0 error(s), 0 left on base; Athletic Club KC 7 - New Amsterdam 4
TOP OF THE 7TH
Athletic Club KC Athletics batting - Pitching for New Amsterdam Republics : RHP Joe Ellis
Batting: SHB David Henderson 0-0: Ball
1-0: Ball
2-0: Ball
3-0: Called Strike
3-1: SINGLE (Groundball, 34D) (infield hit)
Batting: RHB Jorge Trevino 0-0: Swinging Strike
0-1: Ball
1-1: Foul Ball, location: 2F
1-2: SINGLE (Line Drive, 78S)
David Henderson to second
Batting: LHB Emílio Sáenz 0-0: Foul Ball, location: 2F
0-1: Ball
1-1: Ball
2-1: Swinging Strike
2-2: Fly out, F8 (Flyball, 8LM)
Batting: LHB Chris Rice 0-0: Ball
1-0: Ball
2-0: Ball
3-0: Foul Ball, location: 2F
3-1: Base on Balls
David Henderson to third
Jorge Trevino to second
Batting: RHB Ramón Souza 0-0: SINGLE (Groundball, 25) (infield hit)
David Henderson scores
Jorge Trevino to third
Chris Rice to second
Batting: RHB Cory Staton 0-0: Ball
1-0: Called Strike
1-1: GRAND SLAM HOME RUN (Flyball, 9D), Distance : 390 ft
Pitching: RHP Decheng Sun
Batting: RHB Harry Fuller 0-0: Ball
1-0: Called Strike
1-1: Fly out, F9 (Line Drive, 89M)
Batting: RHB Juan Benítez 0-0: Ball
1-0: Called Strike
1-1: Called Strike
1-2: Fly out, F8 (Popup, 6MD)
Top of the 7th over - 5 run(s), 4 hit(s), 0 error(s), 0 left on base; Athletic Club KC 12 - New Amsterdam 4
BOTTOM OF THE 7TH
New Amsterdam Republics batting - Pitching for Athletic Club KC Athletics : RHP Torvald Geertsen
Batting: LHB Ken Norman 0-0: Ball
1-0: Called Strike
1-1: Ball
2-1: Foul Ball, location: 2F
2-2: Foul Ball, location: 2F
2-2: Foul Ball, location: 2F
2-2: Strikes out swinging
Batting: RHB Porter Martínez 0-0: Ball
1-0: Ball
2-0: Ground out 5-3 (Groundball, 56)
Batting: RHB Noel Livingston 0-0: Swinging Strike
0-1: Called Strike
0-2: Strikes out swinging
Bottom of the 7th over - 0 run(s), 0 hit(s), 0 error(s), 0 left on base; Athletic Club KC 12 - New Amsterdam 4
TOP OF THE 8TH
Athletic Club KC Athletics batting - Pitching for New Amsterdam Republics : RHP Decheng Sun
Batting: RHB Torvald Geertsen 0-0: Fly out, F4 (Popup, 34)
Batting: SHB David Henderson 0-0: Ball
1-0: Ball
2-0: Ball
3-0: Base on Balls
Pinch Hitting: RHB Rick Atkinson 0-0: Called Strike
0-1: Ball
1-1: Ball
2-1: Grounds into double play, 6-4-3 (Groundball, 6)
Top of the 8th over - 0 run(s), 0 hit(s), 0 error(s), 0 left on base; Athletic Club KC 12 - New Amsterdam 4
BOTTOM OF THE 8TH
New Amsterdam Republics batting - Pitching for Athletic Club KC Athletics : RHP Torvald Geertsen
Now at 2B: Karl Stevens
Batting: RHB Ronald Shelton Single, Error in OF, E7, batter to second base
Pinch Hitting: LHB Stan Lewis 0-0: Ball
1-0: Ball
2-0: Called Strike
2-1: Swinging Strike
2-2: Strikes out swinging
Batting: RHB Doug Reed 0-0: Swinging Strike
0-1: Called Strike
0-2: Strikes out swinging
Batting: LHB Emílio Barbán 0-0: Swinging Strike
0-1: Ball
1-1: Foul Ball, location: 2F
1-2: Ball
2-2: Ground out 4-3 (Groundball, 4)
Bottom of the 8th over - 0 run(s), 1 hit(s), 1 error(s), 1 left on base; Athletic Club KC 12 - New Amsterdam 4
TOP OF THE 9TH
Athletic Club KC Athletics batting - Pitching for New Amsterdam Republics : RHP Decheng Sun
Pitching: RHP Gavin Blackburn
Batting: LHB Emílio Sáenz 0-0: Called Strike
0-1: Ball
1-1: Ball
2-1: Swinging Strike
2-2: Foul Ball, location: 2F
2-2: Strikes out swinging
Batting: LHB Chris Rice 0-0: Ball
1-0: Ball
2-0: Called Strike
2-1: Ball
3-1: Foul Ball, location: 2F
3-2: Foul Ball, location: 2F
3-2: Base on Balls
Batting: RHB Ramón Souza 0-0: Foul Ball, location: 2F
0-1: Called Strike
0-2: Ball
1-2: Strikes out swinging
Batting: RHB Cory Staton 0-0: Foul Ball, location: 2F
0-1: DOUBLE (Groundball, 5D)
Chris Rice to third
Batting: RHB Harry Fuller 0-0: Called Strike
0-1: Ball
1-1: Foul Ball, location: 2F
1-2: Strikes out swinging
Top of the 9th over - 0 run(s), 1 hit(s), 0 error(s), 2 left on base; Athletic Club KC 12 - New Amsterdam 4
BOTTOM OF THE 9TH
New Amsterdam Republics batting - Pitching for Athletic Club KC Athletics : RHP Torvald Geertsen
Batting: LHB Steve Ingram 0-0: Called Strike
0-1: Fly out, F8 (Flyball, 8RM)
Batting: RHB Carlos Ortega 0-0: Ball
1-0: Foul Ball, location: 2F
1-1: Ball
2-1: Ball
3-1: Called Strike
3-2: Foul Ball, location: 2F
3-2: Base on Balls
Pitching: RHP Manuel Núñez
Batting: LHB Ken Norman 0-0: Swinging Strike
0-1: Ball
1-1: Ball
Wild Pitch!
Carlos Ortega to second
2-1: Ground out 1-3 (Groundball, 13S)
Carlos Ortega to third
Batting: RHB Porter Martínez 0-0: Ball
1-0: Swinging Strike
1-1: Ball
2-1: Foul Ball, location: 2F
2-2: Ground out 4-3 (Groundball, 4)
Bottom of the 9th over - 0 run(s), 0 hit(s), 0 error(s), 1 left on base; Athletic Club KC 12 - New Amsterdam 4
This league is powered by Out of the Park Baseball, the baseball management simulation game for PC, Mac and Linux
Saturday, July 25th, 2015 - OOTP Baseball 15.6 Build 34